 Dungeon Crawl Stone Soup version 0.22-a0-367-gb72a975701 (webtiles) character file.

21 Laan the Skirmisher (level 2, 0/33 HPs)
             Began as an Ogre Berserker on Apr 22, 2018.
             Was a Follower of Trog.
             Slain by a leopard gecko (4 damage)
             ... on level 1 of the Dungeon.
             The game lasted 00:01:50 (368 turns).

Laan the Skirmisher (Ogre Berserker)                 Turns: 368, Time: 00:01:51

Health: 0/33       AC:  3    Str: 20    XL:     2   Next: 87%
Magic:  2/2        EV: 10    Int:  8    God:    Trog [*.....]
Gold:   47         SH:  0    Dex:  8    Spells: 1/1 levels left

rFire    . . .     SeeInvis .   a - +0 mace
rCold    . . .     Gourm    .   (no shield)
rNeg     . . .     Faith    .   b - +0 animal skin
rPois    .         Spirit   .   (helmet restricted)
rElec    .         Reflect  .   (no cloak)
rCorr    .         Harm     .   (gloves unavailable)
MR       .....                  (boots unavailable)
Stlth    +.........             d - amulet of inaccuracy (curse)
HPRegen  0.11/turn              (no ring)
MPRegen  0.08/turn              (no ring)

@: berserk cooldown, slowed, very slow
A: large, unfitting armour, tough skin 1
a: Berserk, Renounce Religion


You were on level 1 of the Dungeon.
You worshipped Trog.
Trog was aware of your devotion.
You were not hungry.

You visited 1 branch of the dungeon, and saw 1 of its levels.

You collected 47 gold pieces.

Inventory:

Hand Weapons
 a - a +0 mace (weapon)
Armour
 b - a +0 animal skin (worn)
Jewellery
 d - a cursed amulet of inaccuracy (around neck)
Potions
 e - a potion of curing {unknown}
Comestibles
 c - 3 rations
 f - 6 chunks of flesh


   Skills:
 + Level 4.3 Fighting
 * Level 3.2 Maces & Flails
 + Level 2.9 Dodging


You had one spell level left.
You didn't know any spells.

Dungeon Overview and Level Annotations

Branches:
Dungeon (1/15)

Altars:


Innate Abilities, Weirdness & Mutations

You are too large for most types of armour.
You have tough skin. (AC +1)


Message History

You are no longer berserk.
You are exhausted.
You feel yourself slow down.
Found a fizzy amethyst potion.
You hit the frilled lizard.
You kill the frilled lizard!
Trog accepts your kill. The leopard gecko closely misses you.
You closely miss the leopard gecko.
The leopard gecko bites you but does no damage.
The leopard gecko barely misses you.
You hit the leopard gecko.
The leopard gecko is heavily wounded.
The leopard gecko bites you.
* * * LOW HITPOINT WARNING * * *
The leopard gecko misses you.
You miss the leopard gecko.
The leopard gecko is heavily wounded.
The leopard gecko bites you.
You die...

###.. ........#.## .#
..(..# ######..#.###.#
....## #......>...### .
.##..######.#....##....#.#
.# #........†...%#.......#
.#########.##.............
.##)..###..#####........#
.##...##..## #l#.)....#
>##......## #@#))....#
......#### #.#....l...
.##...# ### .......####
###...#..... !...###..$
....÷...# #....# .###
###...### #..### ). #####
#.. ## ###


You could see a leopard gecko.

Vanquished Creatures
  A dart slug (D:1)
  A leopard gecko (D:1)
  2 ball pythons (D:1)
  A giant cockroach (D:1)
  2 hobgoblins (D:1)
  A bat (D:1)
  2 frilled lizards (D:1)
  3 goblins (D:1)
  5 kobolds (D:1)
  A rat (D:1)
19 creatures vanquished.

Notes
Turn   | Place    | Note
-------+----------+-------------------------------------------
     0 | D:1      | Laan the Ogre Berserker began the quest for the Orb.
     0 | D:1      | Reached XP level 1. HP: 24/24 MP: 1/1
   238 | D:1      | Reached XP level 2. HP: 32/32 MP: 2/2
   368 | D:1      | Slain by a leopard gecko

Vault maps used:
D:1:      ncdulo_lavacross, minmay_pentomino_o2

Skill      XL: |  1 |
---------------+----+-----
Maces & Flails | 3 |  3.2
Fighting       | |  4.3
Dodging        | |  2.9

Action                   || total
-------------------------++-------
Melee: Mace              ||    62
Invok: Berserk           ||     1
  Use: Scroll            ||     1
Armor: Animal skin       ||    27
Dodge: Dodged            ||    42

Table legend:
 A = Spawn XP
 B = Non-spawn XP
 C = Spawn XP percentage of total XP
 D = Spawn monster count
 E = Non-spawn monster count
 F = Spawn count percentage of total count
 G = Total turns spent on level
                    A         B        C        D         E        F      G
               +---------+---------+-------+---------+---------+-------+---------
         Total |       0 |      31 |   0.0 |       0 |      19 |   0.0 |   368
               +---------+---------+-------+---------+---------+-------+---------
           D:1 |       0 |      31 |   0.0 |       0 |      19 |   0.0 |   368
               +---------+---------+-------+---------+---------+-------+---------
